 Dungeon Crawl Stone Soup version 0.18.1-47-g9310371 (webtiles) character file.

11 matakusis the Grave Robber (level 2, -2/19 HPs)
             Began as a Demonspawn Necromancer on June 18, 2016.
             Slain by a kobold (4 damage)
             ... on level 1 of the Dungeon.
             The game lasted 00:01:41 (335 turns).

matakusis the Grave Robber (Demonspawn Necromancer)  Turns: 335, Time: 00:01:41

Health: -2/19      AC:  2    Str:  8    XL:     2   Next: 13%
Magic:  5/5        EV: 12    Int: 16    God:
Gold:   66         SH:  0    Dex: 13    Spells: 2 memorised, 3 levels left

rFire  . . .     SeeInvis .     (no weapon)
rCold  . . .     Gourm    .     a - +0 robe
rNeg   . . .     Faith    .     (no shield)
rPois  .         Spirit   .     (no helmet)
rElec  .         Dismiss  .     (no cloak)
rCorr  .         Reflect  .     (no gloves)
SustAt .         Harm     .     (no boots)
MR     .....                    (no amulet)
Stlth  ++........               (no ring)
                                (no ring)

@: very slightly contaminated, not resistant to hostile enchantments, unstealthy
A: talons 1
a: no special abilities


You were on level 1 of the Dungeon.
You were not hungry.

You visited 1 branch of the dungeon, and saw 1 of its levels.

You collected 66 gold pieces.

Inventory:

Missiles
 h - 2 throwing nets (quivered)
Armour
 a - a +0 robe (worn)
Potions
 d - a potion of heal wounds
Books
 b - a book of Necromancy

   Spells                             Type                      Level
   a - Pain                           Necromancy                   1
   b - Animate Skeleton               Necromancy                   1
   c - Vampiric Draining              Necromancy                   3
   d - Regeneration                   Charms/Necromancy            3
   e - Animate Dead                   Necromancy                   4
   f - Control Undead                 Necromancy                   4
Comestibles
 c - 2 bread rations
 f - 2 meat rations
 g - 4 chunks of flesh


   Skills:
 - Level 1.7 Dodging
 - Level 1.7 Stealth
 + Level 2.2 Spellcasting
 + Level 4.7 Necromancy


You had 3 spell levels left.
You knew the following spells:

 Your Spells              Type           Power        Failure   Level  Hunger
a - Pain                  Necr           ###.         3%          1    #......
b - Animate Skeleton      Necr           N/A          3%          1    #......


Dungeon Overview and Level Annotations

Branches:
Dungeon (1/15)

Altars:


Innate Abilities, Weirdness & Mutations

You have sharp toenails.


Message History

The rat closely misses you. The kobold barely misses you.
Your extra speed is starting to run out.
The rat closely misses you. The kobold hits you. The kobold misses you.
The rat barely misses you. The ooze closely misses you.
The rat bites you but does no damage. The kobold barely misses you.
The ooze hits you but does no damage. The rat bites you. The kobold misses you.
The ooze closely misses you. The kobold misses you. The rat misses you.
The ooze hits you. The kobold barely misses you. The rat closely misses you.
The ooze hits you but does no damage.
You feel yourself slow down. The rat completely misses you.
The kobold barely misses you. The ooze closely misses you.
The rat closely misses you. The kobold hits you.
The ooze completely misses you. The kobold hits you but does no damage.
The rat bites you. The ooze hits you.
* * * LOW HITPOINT WARNING * * *
The rat barely misses you. The kobold misses you. The ooze barely misses you.
The rat closely misses you. The kobold hits you.
You die...

## ## #.# #.#. #..#
#.... ...# #... ...#
#... # #.. ..# .#
.##.K##..##.##
....#@J#.....# ##+#
#..r.#....# ##...
.#..##..#...# ##....
#...##...#..####.....
#.$........#..........
................+......
###########...####......
###.## ##.....
##.#.#######..(.


You could see an ooze, a kobold and a rat.

Vanquished Creatures
  2 bats (D:1)
  2 giant cockroaches (D:1)
  A jackal (D:1)
  A giant newt (D:1)
  A goblin (D:1)
  2 rats (D:1)
9 creatures vanquished.

Vanquished Creatures (collateral kills)
  A jackal (D:1)
1 creature vanquished.

Grand Total: 10 creatures vanquished

Notes
Turn   | Place    | Note
--------------------------------------------------------------
     0 | D:1      | matakusis the Demonspawn Necromancer began the quest for the Orb.
     0 | D:1      | Reached XP level 1. HP: 13/13 MP: 3/3
     2 | D:1      | Learned a level 1 spell: Animate Skeleton
   235 | D:1      | Gained mutation: You have sharp toenails. [demonic ancestry]
   235 | D:1      | Reached XP level 2. HP: 7/19 MP: 0/5
   335 | D:1      | Slain by a kobold

Action                   || total
-------------------------++-------
Melee: Unarmed           ||     8
 Cast: Pain              ||    14
       Animate Skeleton  ||     2
  Use: Potion            ||     2
 Stab: Sleeping          ||     2
Armor: Robe              ||     9
Dodge: Dodged            ||    26
